 Dungeon Crawl Stone Soup version 0.29.1-13-g9f3cf754e1 (webtiles) character file.

Game seed: 9987418196991726026

63 Heoruswealwe the Grave Robber (level 3, -1/19 HPs)
             Began as a Deep Elf Necromancer on Feb 1, 2023.
             Was an Initiate of Yredelemnul.
             Succumbed to an orc wizard's poison
             ... on level 3 of the Dungeon.
             The game lasted 00:30:23 (2544 turns).

Heoruswealwe the Grave Robber (DENe)                Turns: 2544, Time: 00:30:24

Health: -1/19      AC:  6    Str:  5    XL:     3   Next: 89%
Magic:  3/10       EV: 12    Int: 21    God:    Yredelemnul [......]
Gold:   63         SH:  0    Dex: 15    Spells: 6/10 levels left

rFire   . . .      SeeInvis .   F - staff of earth
rCold   . . .      Faith    .   (no shield)
rNeg    . . .      Spirit   .   a - +0 robe
rPois   .          Reflect  .   (no helmet)
rElec   .          Harm     .   (no cloak)
rCorr   .          Rampage  .   (no gloves)
Will    .....                   (no boots)
Stlth   ++........              (no amulet)
HPRegen 0.06/turn               t - +4 ring of protection
MPRegen 0.12/turn               (no ring)

@: lethally poisoned (-1 -> -7)
A: no striking features
a: Renounce Religion, Recall Undead Harvest


You were on level 3 of the Dungeon.
You worshipped Yredelemnul.
Yredelemnul was noncommittal.
You visited 1 branch of the dungeon, and saw 4 of its levels.

You collected 63 gold pieces.

Inventory:

Hand Weapons
 g - a +0 club
 h - a +0 short sword
 i - a +0 club
 j - a +0 mace
 k - a +0 sling
 l - a +0 mace
 n - a +0 club
 p - a +0 war axe
 q - a +0 club
 r - a +2 dagger of venom
 v - a +0 club
 y - a +0 club
 z - a +0 club
 B - a +0 dagger
 D - a +0 club
 E - a +0 whip
 I - a +0 whip
Missiles
 o - 20 stones
Armour
 a - a +0 robe (worn)
 c - a +0 robe
 d - a scarf of invisibility
 w - a +0 leather armour
 H - a +0 barding
Magical Staves
 F - a staff of earth (weapon)
Jewellery
 t - a +4 ring of protection (left hand)
Scrolls
 f - a scroll of fear {unknown}
 m - a scroll of noise {unknown}
 u - a scroll of brand weapon {unknown}
 x - a scroll of identify {unknown}
 A - a scroll of acquirement {unknown}
 C - a scroll of amnesia {unknown}
Potions
 b - a potion of magic
 e - 2 potions of curing {unknown}
 s - 2 potions of haste {unknown}
 G - 2 potions of might {unknown}


   Skills:
 + Level 2.6 Dodging
 + Level 2.9 Stealth
 + Level 4.4 Spellcasting
 + Level 5.6 Necromancy


You had 6 spell levels left.
You knew the following spells:

 Your Spells              Type           Power      Damage    Failure   Level
a - Necrotise             Necr           100%       1d9       1%          1
b - Vampiric Draining     Necr           28%        2d8       3%          3

Your spell library contained the following spells:

 Spells                   Type           Power      Damage    Failure   Level
 Agony                    Necr           28%        N/A       30%         5
 Animate Dead             Necr           Unusable   N/A       N/A         4

Dungeon Overview and Level Annotations

Branches:
Dungeon (4/15)
 Temple: D:4-7

Altars:
Yredelemnul

Shops:
D:3 !


Message History

Aim: a hound (lightly wounded, chance to affect: 88%)
The hound writhes in agony.
The hound bites you.
Your orc zombie hits the orc but does no damage.
You hear some strange, mumbled words.
You are confused.
The orc hits your orc zombie with a +1 flail of protection!
Your orc zombie is destroyed!
You're too confused to cast spells.
Unknown command.
The hound bites you but does no damage. The hound bites you.
An orc comes into view. It is wielding a +0 short sword.
The hound bites you but does no damage. The hound attacks as you move away!
The hound bites you. The hound misses you. Something hits you.
You miss the hound.
The hound is moderately wounded.
The hound bites you but does no damage. Something hits you but does no damage.
The orc hits you with a +1 flail of protection.
An orc wizard comes into view. It is wielding a +1 dagger of venom.
The hound closely misses you.
You bump into the rock wall.
The orc wizard shouts!
You hear a shout!
The hound bites you.
* * * LOW HITPOINT WARNING * * *
Something hits you but does no damage. The orc closely misses you.
You bump into the rock wall.
You feel less confused. The hound closely misses you.
Something hits you but does no damage. The orc barely misses you.
The hound misses you.
You closely miss the orc wizard. The hound barely misses you.
You hear some strange, mumbled words.
Something tries to affect you, but you resist.
The orc misses you.
The orc wizard hits you with a +1 dagger of venom.
* * * LOW HITPOINT WARNING * * *
You are lethally poisoned!
You hit the orc wizard.
The orc wizard is lightly wounded.
You die...
Your body rises from the dead as a mindless zombie.

.... # #..# #
#.#..#.# #.#..#.
....$ ###..# #
#....#
#.#..###h.###..
......o@{o.....#
###..###o.###.##
#.. #..# # #..#
.... .#### .


You could see a hound, an orc wizard and 2 orcs.

Vanquished Creatures
  An adder (D:2)
  A dart slug (D:2)
  An orc (D:3)
  2 ball pythons (D:1)
  5 bats
  5 endoplasms
  A giant cockroach (D:1)
  5 goblins
  3 hobgoblins
  5 quokkas
  4 frilled lizards (D:1)
  3 kobolds
  4 rats
40 creatures vanquished.

Vanquished Creatures (collateral kills)
  An endoplasm (D:2)
  A giant cockroach (D:1)
  2 goblins (D:2)
  A bat (D:2)
  A kobold (D:1)
  A rat (D:1)
7 creatures vanquished.

Vanquished Creatures (others)
  A hobgoblin zombie (D:3)
  An orc zombie (D:3)
  A rat zombie (D:3)
  5 fungi (D:2)
  16 plants
24 creatures vanquished.

Grand Total: 71 creatures vanquished

Notes
Turn   | Place    | Note
-------+----------+-------------------------------------------
     0 | D:1      | Heoruswealwe the Deep Elf Necromancer began the quest for
                  | the Orb.
     0 | D:1      | Reached XP level 1. HP: 10/10 MP: 6/6
   107 | D:1      | Reached skill level 5 in Necromancy
   713 | D:1      | Reached XP level 2. HP: 15/15 MP: 6/8
  1350 | D:1      | Reached XP level 3. HP: 19/19 MP: 8/10
  1604 | D:1      | Learned a level 3 spell: Vampiric Draining
  1999 | D:2      | Found a faded altar of an unknown god.
  2088 | D:2      | Prayed at the altar of an unknown god.
  2088 | D:2      | Became a worshipper of Yredelemnul the Dark
  2088 | D:2      | Reached * piety under Yredelemnul
  2144 | D:3      | Found Paro's Distillery.
  2544 | D:3      | Succumbed to an orc wizard's poison

Illustrated notes

Levels and vault maps discovered:
D:1:      zelgadis_glass_arrival_small, layout_loops_ring, serial_forest,
          infiniplex_forest_fountain, infiniplex_forest_corner_1,
          infiniplex_forest_lined_room_, infiniplex_forest_lined_2,
          infiniplex_forest_clump_diagonal, infiniplex_forest_straight_2,
          infiniplex_forest_zigzag_1, minmay_3d_cube
D:2:      layout_basic, shapermc_ecumenical_altar_mp_urbaneastern,
          minmay_fractal_squares_5
D:3:      layout_loops_ring, serial_shops, nicolae_shop_advertising_works
          [nicolae_subvault_shop_adworks], serial_rivers,
          chequers_serial_rivers_large_a, chequers_serial_rivers_large_b,
          chequers_serial_rivers_micro_c, chequers_serial_rivers_micro_e,
          chequers_serial_rivers_micro_b, chequers_serial_rivers_marsh,
          corner_web_ring, kennysheep_another_room, minmay_misc_feat_nine_boxes,
          chequers_serial_rivers_room_a
D:4:      cheibrodos_thug_alley, layout_rooms, minmay_temple_entry_stoned_glass,
          serial_rivers, chequers_serial_rivers_room_b,
          chequers_serial_rivers_small_a, chequers_serial_rivers_room_b,
          chequers_serial_rivers_marsh

Skill      XL: |  1  2  3 |
---------------+----------+-----
Necromancy     | 5 |  5.6
Spellcasting   | 4 |  4.4
Dodging        | |  2.6
Stealth        | |  2.9

Action                   || total
-------------------------++-------
Melee: Unarmed           ||   527
       Punch             ||    17
       Staff             ||     3
 Cast: Necrotise         ||    60
Invok: Recall Undead Har ||     3
Armor: Robe              ||     8
Dodge: Dodged            ||    21
